[Event "Czech Open-Rapid 2022"]
[Site "Pardubice"]
[Date "2022.07.21"]
[Round "5.40"]
[White "Kokes, Bohuslav"]
[Black "Dolensky, Filip"]
[Result "0-1"]
[ECO "B40"]
[WhiteElo "1909"]
[BlackElo "2051"]
[Annotator "NA RC"]
[PlyCount "52"]
[EventDate "2022.07.20"]
[EventType "swiss"]
[EventCountry "CZE"]
[SourceTitle "playchess.com"]
[Source "ChessBase"]
[SourceQuality "1"]
[TimeControl "1200+10"]

1. e4 c5 2. Nf3 e6 3. d4 cxd4 4. Nxd4 Nf6 5. Bd3 Nc6 6. Nb3 d5 7. exd5 Nxd5 8. O-O Be7 9. N1d2 O-O 10. a3 b6 11. Ne4 Ne5 12. Be2 Bb7 13. Nd4 Rc8 14. Nf3 Ng6 15. g3 Qc7 16. Bd3 Rfd8 17. Qe2 Nf6 18. c3 Rxd3 19. Nxf6+ Bxf6 20. Qxd3 Qc6 21. Rd1 Ne5 22. Qe2 Nxf3+ 23. Kf1 Nxh2+ 24. Ke1 Qh1+ 25. Kd2 Rd8+ 26. Kc2 Qe4+ 0-1

[Event "Czech Open-Rapid 2022"]
[Site "Pardubice"]
[Date "2022.07.21"]
[Round "5.41"]
[White "Vorel, Bohuslav"]
[Black "Bouska, Jiri"]
[Result "0-1"]
[ECO "B72"]
[WhiteElo "1605"]
[BlackElo "2157"]
[Annotator "TA"]
[PlyCount "62"]
[EventDate "2022.07.20"]
[EventType "swiss"]
[EventCountry "CZE"]
[SourceTitle "playchess.com"]
[Source "ChessBase"]
[SourceQuality "1"]
[TimeControl "1200+10"]

1. e4 c5 2. Nf3 Nc6 3. d4 cxd4 4. Nxd4 g6 5. Nc3 Bg7 6. Be3 Nf6 7. Qd2 O-O 8. O-O-O d6 9. Be2 Nxd4 10. Bxd4 Be6 11. Kb1 a6 {[%emt 0:00:05] B72: Sicilian Dragon: 6 Be3, lines with h3+Bc4 and sidelines.} 12. h4 b5 {[%emt 0:00:07] [#]} (12... Qa5 $14 {was preferrable.} 13. Qg5 b5) 13. e5 $146 (13. h5 $16) ({Predecessor:} 13. f3 Re8 14. h5 Qa5 15. hxg6 hxg6 16. Qg5 Rec8 17. Rh2 Rxc3 18. Bxc3 Qxa2+ 19. Kc1 {0-1 (61) Simic,D (2348)-Milenkovic,M (2380) Valjevo 2010}) 13... dxe5 $15 {[%emt 0:00:11] Black is slightly better.} 14. Bxe5 Qxd2 (14... b4 {keeps more tension.} 15. Bxf6 Bxf6 16. Ne4 Bg7) 15. Rxd2 b4 16. Na4 (16. Bxf6 $5 bxc3 17. Bxc3 $11) 16... Ne4 17. Bxg7 $4 {[%emt 0:03:18][%mdl 8192] [#] This costs White the game.} Nxd2+ $19 18. Kc1 Kxg7 19. Kxd2 Rfd8+ ({Not} 19... Bxa2 20. b3 $15) 20. Bd3 Bf5 ({Weaker is} 20... Bxa2 21. b3 $15) 21. Re1 Bxd3 22. cxd3 {[%emt 0:00:02][%mdl 4096] Endgame KRR-KRN} e6 23. Nc5 Rd5 24. Nb3 a5 25. Nc1 Rc8 {[%emt 0:00:23] [#] Strongly threatening ...Rdc5.} 26. Ne2 Rdc5 {[%emt 0:00:32] Threatens to win with ...Rc2+.} 27. Rc1 {[%emt 0:00:12] Inhibits Rc2+.} Rxc1 28. Nxc1 Kf6 29. Nb3 a4 30. Na5 Ke5 31. g3 Kd4 {[%emt 0:00:04] Weighted Error Value: White=0.53/Black=0.08 (flawless)} 0-1

[Event "Czech Open-Rapid 2022"]
[Site "Pardubice"]
[Date "2022.07.21"]
[Round "5.42"]
[White "Cejka, Jan"]
[Black "Postl, Petr"]
[Result "0-1"]
[ECO "B07"]
[WhiteElo "1731"]
[BlackElo "1900"]
[Annotator "TA"]
[PlyCount "58"]
[EventDate "2022.07.20"]
[EventType "swiss"]
[EventCountry "CZE"]
[SourceTitle "playchess.com"]
[Source "ChessBase"]
[SourceQuality "1"]
[TimeControl "1200+10"]

1. e4 d6 2. d4 Nf6 3. Nc3 g6 4. Bf4 Bg7 5. h3 O-O 6. Nf3 Nbd7 {[%emt 0:00:27] B08: Pirc Defence: Classical System.} 7. g4 c5 {[%emt 0:00:17] [#] And now ...cxd4 would win.} 8. Bg2 $146 (8. e5 $11 {and White is okay.} Ne8 9. dxc5) ({Predecessor:} 8. d5 Qa5 9. Be2 Nxe4 10. O-O Bxc3 11. bxc3 Nxc3 12. Bd2 Nxe2+ 13. Qxe2 Qa4 14. Qxe7 f6 15. Bh6 Rf7 16. Qe8+ {1-0 (16) Bragason,G (1346)-Palmarsson,E (1343) Kopavogur 2014}) 8... cxd4 $19 {[%emt 0:00:34] Black has a decisive advantage.} 9. Nxd4 e5 10. Bg5 (10. Be3 $142 exd4 11. Bxd4) 10... exd4 11. Qxd4 Qb6 12. Qd2 (12. Qxb6 Nxb6 13. O-O-O) 12... Qxb2 13. O-O Qb6 14. Kh1 Ne5 15. Bxf6 Bxf6 16. Nd5 Qd8 17. f4 Nc6 18. Nxf6+ Qxf6 19. g5 Qd4 20. Qe1 f5 21. Rd1 Qc5 {[%emt 0:01:27] Strongly threatening ...Re8.} 22. Rd5 Qa3 {[%emt 0:00:42] [#] ...fxe4 is the strong threat.} 23. Qd2 $2 (23. Rd3 Qb2 24. Rxd6 fxe4 25. Qxe4) 23... fxe4 {Black is clearly winning.} 24. Rxd6 Bf5 25. Qd5+ Rf7 26. Rd1 Kg7 27. h4 Raf8 28. h5 gxh5 {[%emt 0:00:09] Threatens to win with ...Qg3.} 29. Rh6 Rd8 {[%emt 0:00:50] White got outplayed after the opening.  Weighted Error Value: White=1.01/Black=0.51} 0-1

[Event "Czech Open-Rapid 2022"]
[Site "Pardubice"]
[Date "2022.07.21"]
[Round "5.43"]
[White "Koska, Jiri"]
[Black "Chrz, Pavel"]
[Result "0-1"]
[ECO "A04"]
[WhiteElo "1856"]
[BlackElo "1986"]
[Annotator "TA"]
[PlyCount "92"]
[EventDate "2022.07.20"]
[EventType "swiss"]
[EventCountry "CZE"]
[SourceTitle "playchess.com"]
[Source "ChessBase"]
[SourceQuality "1"]
[TimeControl "1200+10"]

1. Nf3 c5 2. g3 g6 3. Bg2 Bg7 4. O-O Nc6 5. d3 Nf6 6. c4 {[%emt 0:00:14] A05: Réti Opening: 1 Nf3 Nf6.} d5 7. Nc3 {[%emt 0:00:19] 7.Nc3 is better than 7.cxd5.} dxc4 (7... O-O $5 ) 8. dxc4 {[%emt 0:00:06] White has an edge.} Bg4 9. Be3 Qa5 10. Qa4 (10. Qb3 $14 {might be stronger.}) 10... O-O {[%emt 0:03:50] [#]} (10... Qxa4 $11 11. Nxa4 b6) 11. Rac1 $146 (11. Qb5 $14) ({Predecessor:} 11. h3 Be6 12. Qxa5 Nxa5 13. b3 Nd7 14. Rac1 h6 15. Nb5 b6 16. Rfd1 a6 17. Nc7 Rad8 18. Nxe6 fxe6 {½-½ (56) Wolske,G-Schmuecker,M Recklinghausen 1995}) 11... Rac8 12. h3 Qxa4 13. Nxa4 Bxf3 14. Bxf3 Nd4 (14... b6 $14) 15. Bxd4 $16 ({Much worse is} 15. Bxb7 $6 Nxe2+ 16. Kg2 Rc7 $11) 15... cxd4 16. Bxb7 Rc7 17. Bg2 e5 18. Rfd1 Rfc8 {[%emt 0:01:00] [#]} 19. b3 ({Better is} 19. c5 $1) 19... Nd7 20. Rc2 f5 21. e3 Kf8 22. exd4 exd4 23. Re2 Rd8 24. f4 Nf6 25. Kf2 d3 26. Re3 {[%emt 0:00:40] Inhibits Ne4+.} Ne4+ $2 (26... d2 $16 {was worth a try.} 27. Ke2 h5) 27. Ke1 $2 (27. Bxe4 $18 fxe4 28. Rxe4) 27... Re7 $1 $11 (27... d2+ $2 28. Ke2 $18) 28. Bxe4 ({But not} 28. Rdxd3 Rxd3 29. Rxd3 Nc5+ 30. Kd2 Nxd3 31. Kxd3 Re1 $17) 28... fxe4 (28... Rxe4 $2 29. Kd2 $18) 29. Kf1 $2 (29. Kd2 $11) 29... Bd4 $19 30. Ree1 a5 31. Kg2 Kf7 32. Rf1 Ba7 {[%emt 0:00:06] Strongly threatening ...e3.} 33. Rfe1 {[%emt 0:00:08] [#]} e3 $1 {[%emt 0:00:05][%mdl 1024] aiming for ...e2. Black has strong compensation. 0x0.002098c56ebcdp-1022s more active pieces.} 34. Nc3 (34. c5 $17) 34... e2 35. Rd2 Be3 36. Rb2 Bd4 37. Nd5 Bxb2 38. Nxe7 Kxe7 {[%emt 0:00:02][%mdl 4096] Endgame KRB-KR} 39. Kf3 Bc3 40. Rb1 e1=Q {[%emt 0:00:05] Black mates.} 41. Rxe1+ Bxe1 42. f5 gxf5 43. g4 d2 44. gxf5 d1=Q+ 45. Kf4 Rd4+ 46. Kg5 Bd2# {Weighted Error Value: White=0.76/Black=0.21 (precise)} 0-1

[Event "Czech Open-Rapid 2022"]
[Site "Pardubice"]
[Date "2022.07.21"]
[Round "5.44"]
[White "Svoboda, Petr"]
[Black "Babulova, Mariana"]
[Result "1-0"]
[ECO "A06"]
[WhiteElo "2088"]
[BlackElo "1631"]
[Annotator "NA RC"]
[PlyCount "33"]
[EventDate "2022.07.20"]
[EventType "swiss"]
[EventCountry "CZE"]
[SourceTitle "playchess.com"]
[Source "ChessBase"]
[SourceQuality "1"]
[TimeControl "1200+10"]

1. Nf3 d5 2. b3 Nc6 3. d4 Nf6 4. Bb2 Bf5 5. Nh4 Bd7 6. Nd2 e6 7. Nhf3 Bd6 8. e3 O-O 9. a3 Ne7 10. Bd3 Ng6 11. O-O Re8 12. Ne5 Bf8 13. c4 c6 14. Rc1 Rc8 15. f4 Ne7 16. g4 Kh8 17. Nxf7+ 1-0

[Event "Czech Open-Rapid 2022"]
[Site "Pardubice"]
[Date "2022.07.21"]
[Round "6.1"]
[White "Harsha Bharathakoti"]
[Black "Donchenko, Alexander"]
[Result "0-1"]
[ECO "A06"]
[WhiteElo "2547"]
[BlackElo "2640"]
[Annotator "TA"]
[PlyCount "90"]
[EventDate "2022.07.20"]
[EventType "swiss"]
[EventCountry "CZE"]
[SourceTitle "playchess.com"]
[Source "ChessBase"]
[SourceQuality "1"]
[TimeControl "1200+10"]

1. Nf3 d5 2. e3 c5 3. b3 Nc6 4. Bb5 f6 5. Bxc6+ bxc6 {[%emt 0:00:02] [#]} 6. Nc3 $146 {[%emt 0:00:09] A06: Réti Opening: 1 Nf3 d5.} ({Predecessor:} 6. d4 cxd4 7. exd4 e6 8. O-O Bd6 9. Ba3 Ne7 10. Re1 Ng6 11. Bxd6 Qxd6 12. c4 {½-½ (123) Nakamura,H (2760)-Sarana,A (2670) Chess.com INT 2022}) 6... e5 7. d3 Bd6 8. Na4 {[%emt 0:00:19] Black has an edge.} Nh6 9. Ba3 O-O 10. Qd2 $1 Bg4 11. Bxc5 Bxc5 12. Nxc5 Qe7 {[%emt 0:00:01] Strongly threatening ...Bxf3.} 13. Qc3 Kh8 (13... d4 $14 14. Qc4+ Kh8) 14. Na4 (14. Nd2 $1 $16) 14... Nf5 $14 15. Qc5 Qd7 16. Nd2 {[%emt 0:00:22] Threatens to win with h3. Pair of Knights!} Nh4 17. Rg1 (17. O-O Bh3 $1 18. g3 Rfb8 $1 $17) 17... Rab8 18. f3 Be6 19. e4 Ng6 20. g3 f5 21. O-O-O Rb5 22. Qa3 Rfb8 (22... fxe4 $14 23. dxe4 Qc7) 23. exf5 Bxf5 24. Nc3 Rb4 25. Qa5 Qd6 26. a3 (26. Qxa7 R4b7 27. Qa5 Qe7 $15) 26... R4b7 27. b4 Qf6 28. Nb3 e4 (28... Bh3 $1 $14) 29. fxe4 Bg4 {[%emt 0:00:34] [#]} 30. Qc5 {[%emt 0:00:01] Black must now prevent Rde1.} Bxd1 31. Rxd1 h6 (31... Rd7 $16) 32. exd5 cxd5 33. Nxd5 Qg5+ 34. Ne3 $1 {[%emt 0:00:01] Qxg5 is the strong threat.} Ne5 35. Kb1 Rb5 {[%emt 0:00:31] [#]} 36. Qxa7 (36. Qd4 $1 $16) 36... Nc6 $1 $36 {[%emt 0:00:18][%mdl 2048] Black is pushing.} 37. h4 Qxg3 $17 38. Qd7 {[%emt 0:00:03] And now Nc4 would win.} Nxb4 $1 39. Nf5 {[%emt 0:00:17] Now White is beyond hope.} (39. axb4 $17 {was the only defense.} Qxe3 40. c3) 39... Qg4 $1 $19 40. Re1 (40. Qxg7+ $142 Qxg7 41. Nxg7) 40... Nxd3 {[%emt 0:00:14] Chess con chili.} ({Avoid the trap} 40... Rxf5 $2 41. axb4 Qxb4 42. Re4 $19) ({Weaker is} 40... Qxf5 41. Qxf5 Rxf5 42. axb4 $19) ({But not} 40... Nxc2 $2 41. Re8+ Kh7 42. Rxb8 Nxa3+ 43. Ka2 Rxb8 44. Qxg7+ Qxg7 45. Nxg7) 41. Re8+ $2 {[%emt 0:00:11] [#]} (41. Qxd3 Rxf5 42. Re4) 41... Rxe8 $1 {[%emt 0:00:01] Black is clearly winning.} 42. Qxe8+ Kh7 {( -> ...Qd1+)} 43. Ne3 {[%emt 0:00:20] Prevents Qd1+.} Qg1+ 44. Ka2 Re5 45. Qd7 Rxe3 {[%emt 0:00:20] Weighted Error Value: White=0.47/Black=0.11 (very precise)} 0-1

[Event "Czech Open-Rapid 2022"]
[Site "Pardubice"]
[Date "2022.07.21"]
[Round "6.2"]
[White "Korobov, Anton"]
[Black "Lalic, Bogdan"]
[Result "1-0"]
[ECO "A10"]
[WhiteElo "2692"]
[BlackElo "2412"]
[Annotator "TA"]
[PlyCount "59"]
[EventDate "2022.07.20"]
[EventType "swiss"]
[EventCountry "CZE"]
[SourceTitle "playchess.com"]
[Source "ChessBase"]
[SourceQuality "1"]
[TimeControl "1200+10"]

1. c4 b6 2. Nc3 Bb7 3. e4 e5 4. f4 exf4 5. Nf3 {[%emt 0:00:03] [#]} h6 $146 (5... g5 $15) ({Predecessor:} 5... Nf6 6. Bd3 Bc5 7. Bc2 O-O 8. d4 Bb4 9. e5 Ne4 10. O-O Bxc3 11. bxc3 d6 {1-0 (27) Moiseenko,V (2519)-Cherniaev,A (2396) Ekaterinburg 2019}) 6. d3 {[%emt 0:04:36] A10: English Opening: Unusual Replies for Black.} ({White should play} 6. d4 $1 $14) 6... g5 $1 $15 7. g3 fxg3 8. hxg3 {[%emt 0:00:02][%cal Oc1g5] The position is equal.} Bg7 $1 9. Be3 Nc6 10. Bh3 Nf6 {[%emt 0:00:52] Strongly threatening ...g4.} 11. Nd4 {[%emt 0:03:15] Black must now prevent Nf5.} Nxd4 (11... Nd5 {is more complex.} 12. cxd5 Nxd4 13. Qa4 c5) 12. Bxd4 c5 13. Be3 Qe7 14. Qf3 O-O 15. Bf5 a6 (15... Rfe8 $15 {feels stronger.} 16. Kd2 Qe5) 16. O-O-O $11 b5 17. Rd2 {[%emt 0:00:30] aiming for Rdh2.} bxc4 $2 {[%emt 0:00:41] [#]} (17... Qd6 $11) 18. Rdh2 $1 $18 d5 $2 (18... cxd3 19. Rxh6 Qe5 20. Bxg5 $16) (18... Qe5) 19. Rxh6 ({But not} 19. Nxd5 $2 Nxd5 20. exd5 cxd3 $19) 19... d4 {[%emt 0:00:05] [#]} 20. Bxg5 dxc3 (20... Rfe8 21. Bh7+) 21. Bh7+ {[%emt 0:01:54] White mates.} Kh8 22. Rxf6 cxd3 {[%emt 0:01:31] [#]} 23. Qh5 $1 d2+ 24. Kd1 c2+ 25. Kxc2 d1=Q+ 26. Rxd1 Rfd8 27. Bg6+ Kg8 28. Bxf7+ Kf8 29. Bd5+ Bxf6 30. Bh6+ {[%emt 0:00:04] Weighted Error Value: White=0.08 (flawless) /Black=0.52} 1-0

[Event "Czech Open-Rapid 2022"]
[Site "Pardubice"]
[Date "2022.07.21"]
[Round "6.3"]
[White "Akesson, Ralf"]
[Black "Pulpan, Jakub"]
[Result "1/2-1/2"]
[ECO "E06"]
[WhiteElo "2427"]
[BlackElo "2424"]
[Annotator "RC"]
[PlyCount "75"]
[EventDate "2022.07.20"]
[EventType "swiss"]
[EventCountry "CZE"]
[SourceTitle "playchess.com"]
[Source "ChessBase"]
[SourceQuality "1"]
[TimeControl "1200+10"]

1. d4 Nf6 2. c4 e6 3. Nf3 d5 4. g3 Be7 5. Bg2 O-O 6. O-O dxc4 7. Qc2 b5 8. a4 b4 9. Nfd2 Nd5 10. Nxc4 c5 11. dxc5 Ba6 12. Nbd2 Bxc5 13. e4 Nf6 14. e5 Nd5 15. Ne4 Be7 16. Rd1 Nd7 17. b3 Rc8 18. Bb2 N7b6 19. Bf1 Qc7 20. Rac1 Nxc4 21. bxc4 Nc3 22. Bxc3 bxc3 23. Qxc3 Bb7 24. Nd6 Qc6 25. Nxb7 Qxb7 26. Bg2 Qc7 27. a5 Rfd8 28. Rxd8+ Qxd8 29. Bb7 Rc7 30. a6 Bc5 31. Kg2 Rd7 32. Rc2 g6 33. Qf3 Kg7 34. Qc6 Rc7 35. Qe4 Rd7 36. Qc6 Rc7 37. Qe4 Rd7 38. Qc6 1/2-1/2

[Event "Czech Open-Rapid 2022"]
[Site "Pardubice"]
[Date "2022.07.21"]
[Round "6.4"]
[White "Plat, Vojtech"]
[Black "Mladek, Richard"]
[Result "1-0"]
[ECO "A06"]
[WhiteElo "2554"]
[BlackElo "2330"]
[Annotator "TA"]
[PlyCount "61"]
[EventDate "2022.07.20"]
[EventType "swiss"]
[EventCountry "CZE"]
[SourceTitle "playchess.com"]
[Source "ChessBase"]
[SourceQuality "1"]
[TimeControl "1200+10"]

1. Nf3 d5 2. d4 e6 3. Bf4 c5 4. e3 Nf6 5. c3 Bd6 6. Bxd6 {[%emt 0:00:03] D02: 1 d4 d5 2 Nf3 sidelines, including 2...Nf6 3 g3 and 2...Nf6 3 Bf4.} Qxd6 7. Nbd2 O-O 8. Ne5 {[%emt 0:00:15] The position is equal.} Nc6 9. f4 Rb8 10. Bd3 b5 11. O-O b4 12. Rf3 bxc3 13. bxc3 {[%emt 0:00:01] [#]} Ne7 $146 ({Predecessor:} 13... h6 14. g4 Nd7 15. g5 Ncxe5 16. dxe5 Nxe5 17. fxe5 Qxe5 18. gxh6 Qg5+ 19. Rg3 Qxh6 {½-½ (35) Polyakova,N (2066)-Mednikova,S (2177) Kaunas 2012}) 14. Rh3 g6 $1 15. Qe1 Kg7 16. Qh4 (16. dxc5 $11 Qxc5 17. Nb3 (17. Qh4 Qxc3 18. Qh6+ Kg8 $17)) 16... h5 $15 17. Qg5 (17. g4 $11 {remains equal.}) 17... Nh7 ({Black should play} 17... Nf5 $17 {Threatens to win with ...Nh7.} 18. Bxf5 exf5) 18. Qg3 Nf6 (18... c4 $15 19. Bxg6 fxg6 20. Rxh5 Bd7) 19. Rf1 (19. Qg5 $11) 19... cxd4 20. Ndf3 $2 (20. exd4 $17 {might work better.} Ba6 21. Qe1) 20... dxe3 21. Ng5 Ne4 $4 (21... Nf5 $19 22. Bxf5 e2) 22. Bxe4 $18 dxe4 {[%emt 0:00:02] [#]} (22... Qb6 {was necessary.} 23. Re1 (23. Qxe3 dxe4 24. Nxe4 f6 $17) 23... Qb2) 23. Rxh5 $3 e2 {[%emt 0:00:54] ( -> ...Qc5+)} 24. Rh7+ Kg8 25. Re1 $1 {[%emt 0:00:27] White wants to mate with Qh4.} ({Don't take} 25. Rh8+ Kg7 26. Rh7+ Kg8 27. Rh8+ Kg7 28. Rh7+ $18) 25... Nf5 {[%emt 0:03:46] [#] Inhibits Qh4.} (25... f6 {is a self mate.} 26. Qh4 $1 Qc5+ 27. Kh1 fxg5 28. Rh8+ Kg7 29. Qh7+ Kf6 30. Rxf8#) 26. Qh3 {[%emt 0:02:55] Intending Ng4 and mate. Really sharp!} Rb1 (26... Qd1 $142 27. Rh8+ Kg7 28. Qh7+ Kf6 29. Nxe4+ Ke7 30. Nc6+ (30. Nxg6+ Kd7 $17) 30... Kd7 31. Nxb8+ Kc7) 27. Rh8+ {[%emt 0:00:16] White is clearly winning.} Kg7 28. Qh7+ Kf6 29. Nxe4+ Ke7 30. Nxd6 {[%emt 0:01:07] Pair of Knights!} Rxe1+ 31. Kf2 {[%emt 0:00:00] Weighted Error Value: White=0.28 (precise) /Black=0.54} 1-0

[Event "Czech Open-Rapid 2022"]
[Site "Pardubice"]
[Date "2022.07.21"]
[Round "6.5"]
[White "Klimakovs, Sergejs"]
[Black "Stocek, Jiri"]
[Result "0-1"]
[ECO "B40"]
[WhiteElo "2266"]
[BlackElo "2548"]
[Annotator "TA"]
[PlyCount "94"]
[EventDate "2022.07.20"]
[EventType "swiss"]
[EventCountry "CZE"]
[SourceTitle "playchess.com"]
[Source "ChessBase"]
[SourceQuality "1"]
[TimeControl "1200+10"]

1. e4 c5 2. Nf3 e6 3. d4 cxd4 4. Nxd4 Nf6 5. Nc3 Nc6 6. Ndb5 Bc5 7. Bf4 {[%emt 0:01:56] [#] Strongly threatening Nc7+. The main line 7.Bf4 scores better than 7.Nd6+.} O-O {[%emt 0:00:16] B45: Sicilian Four Knights.} 8. Bc7 Qe7 {[%emt 0:00:03] Hoping for ...d5.} 9. Bd6 $1 Bxd6 {[%emt 0:00:03] White is slightly better.} 10. Qxd6 Qd8 11. O-O-O a6 12. Nd4 $36 {[%emt 0:00:47][%mdl 2048] White is pushing.} Ne7 13. e5 Ng4 {[%emt 0:04:30] [#]} (13... Ne8 $11 14. Qb4 b5) 14. Rd2 $146 ({Predecessor:} 14. Ne4 Ng6 15. Be2 N4xe5 16. f4 Nc6 17. Nxc6 bxc6 18. Nc5 Qa5 19. f5 exf5 20. Bc4 {1-0 (36) Suran,J (2412)-Jurcik,M (2478) Czech Republic 2018}) 14... b5 15. h3 Nh6 16. Ne4 (16. g4 $16) 16... Bb7 (16... Nef5 $11 17. Qb4 Bb7 18. Nxf5 Nxf5) 17. Nc5 $1 $16 Bc8 (17... Bd5 $16 {was worth a try.}) 18. g4 $18 Ra7 19. Bg2 {[%emt 0:03:11] Prevents Bb7.} Re8 20. f4 Qc7 21. Ne4 {[%emt 0:00:56] Against f6} Qd8 22. Nc5 {[%emt 0:01:02] Inhibits Bb7.} (22. Qa3 $142) 22... Qc7 $1 23. Ne4 $2 {[%emt 0:02:31] Inhibits f6.} (23. f5 $18) 23... Qa5 $2 (23... Qd8 $1 $11) 24. Nb3 Qd8 25. Nd4 $2 (25. Qd4 $18 Qc7 26. Nd6) 25... Bb7 $2 (25... Qa5 $1 $11 {and Black is okay.} 26. Nb3 Qd8) 26. Nc5 $4 (26. Qa3 $18 {avoids the disaster.}) 26... Bxg2 $19 27. Rxg2 {[%emt 0:00:01] [#]} Nc8 $2 (27... Qa8 $1 $19 28. Nc6 Nxc6) 28. Qb8 $14 Qb6 (28... f6 $14) 29. Qxb6 $16 Nxb6 30. g5 (30. Ne4 $16) 30... Nf5 $14 31. Nxf5 exf5 32. Rd1 Rc8 33. Rd6 Rxc5 34. Rxb6 {[%emt 0:00:01][%mdl 4096] Endgame Intending Rb8+ and mate. KRR-KRR} g6 35. b3 {[%emt 0:00:20] Prevents Rc4.} (35. c3 $14) 35... Rc3 $11 36. Rd2 Rxh3 37. Rbd6 Rf3 38. R2d4 Rf2 39. c4 bxc4 40. Rxc4 {[%emt 0:00:33] aiming for Rc8+.} Kg7 41. a4 ({White should play} 41. Rd2 $11 Rf1+ 42. Kc2) 41... h5 (41... a5 $1 $15) 42. gxh6+ $1 Kxh6 43. Rf6 (43. b4 $11 {keeps the balance.}) 43... Kg7 $17 {[%emt 0:00:09] Threatens to win with ...d5.} 44. Rc8 $2 (44. Rd6 $17 {keeps fighting.}) 44... Rxf4 $19 45. Re8 $2 (45. Rc5) 45... Rc7+ {[%emt 0:00:10] Black is clearly winning.} 46. Kd2 Rd4+ 47. Ke3 Re4+ {[%emt 0:00:02] What a bad dream for White.  Weighted Error Value: White=0.77/Black=0.46} 0-1

[Event "Czech Open-Rapid 2022"]
[Site "Pardubice"]
[Date "2022.07.21"]
[Round "6.6"]
[White "Vykouk, Jan"]
[Black "Gressmann, Moritz"]
[Result "0-1"]
[ECO "C50"]
[WhiteElo "2476"]
[BlackElo "2114"]
[Annotator "TA"]
[PlyCount "104"]
[EventDate "2022.07.20"]
[EventType "swiss"]
[EventCountry "CZE"]
[SourceTitle "playchess.com"]
[Source "ChessBase"]
[SourceQuality "1"]
[TimeControl "1200+10"]

1. e4 e5 2. Nf3 Nc6 3. Bc4 Nf6 4. d3 Bc5 5. Nbd2 d6 6. c3 a6 7. Bb3 Ba7 8. h3 O-O 9. O-O h6 10. Re1 Nh5 {[%emt 0:00:18] 10...Nh5 has lost popularity. C54: Giuoco Piano: 4 c3 Nf6, main lines with 5 d4 and 5 d3.} 11. d4 Qf6 12. Nxe5 dxe5 {[%emt 0:00:35] The position is equal.} (12... Nxe5 13. Qxh5 Nd3 14. Rf1 $16) 13. Qxh5 exd4 {[%emt 0:00:05] [#]} 14. e5 $146 ({Predecessor:} 14. Nf3 dxc3 15. bxc3 Qxc3 16. Bxh6 gxh6 17. e5 Qd3 18. Rad1 Qh7 19. e6 fxe6 20. Bxe6+ {½-½ (68) Kosakowski,J (2442)-Coto Mederos,M (2348) Chess.com INT 2022}) 14... Qf5 15. Qxf5 Bxf5 16. g4 Be6 17. Bc2 (17. Kg2 $15 {feels stronger.}) 17... Rad8 18. Kg2 Bd5+ 19. Kg3 f6 20. e6 {[%emt 0:02:06] Threatens to win with e7.} Rfe8 21. Bf5 {[%emt 0:00:07] Black must now prevent c4.} Rd6 (21... dxc3 $17 22. bxc3 Ne7) 22. Ne4 $11 Bxe4 23. Bxe4 (23. Rxe4 Ne7 24. Rf4 g6 $15) 23... Kh8 $36 {[%emt 0:00:27][%mdl 2048] Black has good play.} (23... Rdxe6 24. Bd5 Nd8 25. f4 $16) 24. Bf5 Ne7 25. Bf4 Nxf5+ 26. gxf5 Rd5 27. Bxc7 (27. Kg4 $11 {remains equal.}) 27... dxc3 $1 $17 28. bxc3 Rxf5 29. f3 (29. Re2 $17) 29... Rc5 (29... Rg5+ $1 $19 30. Kh2 Rc5) 30. Bf4 Rc6 ({Weaker is} 30... Rxc3 31. Rad1 $15) 31. Rad1 {[%emt 0:00:52] [#]} Rcxe6 (31... Rexe6 32. Rxe6 Rxe6 33. Rd7 $15) ({Better is} 31... g5 $1 32. Bc1 (32. Bd6 $2 Rxd6 33. Kg4 Bc5 $19) 32... Kg7 33. Rd7+ Kg6 34. Rxb7 Bb8+ 35. Kf2 Rxc3) 32. Rxe6 Rxe6 {[%emt 0:00:01][%mdl 4096] Endgame KRB-KRB} 33. Rd7 $1 Re2 34. Rxb7 Bf2+ 35. Kg4 Rxa2 (35... Be1 $15 36. c4 g6) 36. Kh5 $2 {[%emt 0:00:02][%mdl 8192] [#] White is on the road to losing.} (36. Kf5 $1 $11 {and White stays safe.} Kh7 37. Bd6) 36... Kh7 $1 $19 37. Bd6 $2 (37. Kg4) 37... Ra5+ 38. Kg4 Rg5+ 39. Kf4 Bg3+ 40. Ke4 Bxd6 {[%emt 0:00:02] KRB-KR} 41. Rb6 Re5+ 42. Kd3 Bc7 43. Rxa6 Rh5 44. c4 Rxh3 45. Ke4 Rh1 46. c5 Rc1 47. Kd5 h5 48. c6 Kg6 {[%emt 0:00:38] ( -> ...h4)} 49. Ke6 h4 {[%emt 0:00:07] Black mates.} 50. Kd7 Bf4 51. Ra4 Kg5 52. Ra5+ f5 {[%emt 0:00:02] Weighted Error Value: White=0.81/Black=0.19 (very precise)} 0-1